Map: [ESL] Inside and Out

Players

Vindicta - Winner!

  • Race: Terran Terran
  • Spawn Location: 1:00

PiLiPiLi

  • Race: Protoss Protoss
  • Spawn Location: 7:00

Event: DreamHack SC2 Masters 2022 Atlanta (Online)

VOD

Have the link to the VOD?

Description

Time

  • Played on: Oct. 6, 2022, 5:05 p.m.
  • Length: 8:23

All games in this series

Show
View Real Time Build Order
Export as new Build Order

Vindicta Terran - Winner!

Build Orders:  

Get SALT Encoding   

  12  0:00  SCV  
  13  0:12  SCV  
  14  0:17  Supply Depot  
  14  0:24  SCV  
  15  0:38  SCV  
  15  0:40  Barracks  
  16  0:43  Refinery  
  16  0:50  SCV  
  16  0:53  Refinery  
  17  1:02  SCV  
  18  1:14  SCV  
  19  1:27  Reaper  
  19  1:29  Orbital Command  
  19  1:32  Supply Depot  
  20  1:41  Bunker  
  20  1:53  Factory  
  20  1:59  Reaper  
  22  2:01  SCV  
  22  2:13  SCV  
  23  2:25  SCV  
  24  2:31  Reaper  
  25  2:38  Hellion  
  27  2:47  SCV, Command Center  
  28  2:54  Supply Depot  
  28  2:59  SCV  
  28  3:04  Barracks Reactor  
  28  3:05  Factory Tech Lab  
  29  3:10  Starport  
  29  3:15  SCV  
  30  3:28  Bunker  
  30  3:32  SCV  
  30  3:33  Siege Tank  
  34  3:42  Marine  
  34  3:44  SCV, Marine  
  35  3:50  Starport Tech Lab  
  35  3:56  SCV  
  35  4:00  Marine  
  35  4:01  Marine  
  38  4:06  Orbital Command  
  37  4:11  Siege Tank  
  37  4:16  Cloaking Field  
  39  4:17  SCV, Marine  
  39  4:19  Marine  
  42  4:24  Banshee  
  42  4:29  SCV  
  46  4:33  SCV  
  47  4:40  Engineering Bay  
  47  4:41  SCV  
  47  4:45  SCV  
  49  4:47  Marine x2  
  49  4:52  Barracks  
  49  4:53  SCV  
  50  5:00  Supply Depot, Siege Tank  
  50  5:03  SCV  
  54  5:11  Supply Depot  
  54  5:16  Refinery  
  54  5:18  Missile Turret  
  54  5:22  SCV x2, Banshee, Marine  
  54  5:24  Marine  
  61  5:31  Barracks  
  61  5:34  SCV x2  
  63  5:39  Marine  
  63  5:42  Refinery  
  64  5:43  Factory Reactor  
  64  5:46  Supply Depot, SCV  
  64  5:47  Supply Depot  
  66  5:51  Stimpack  
  66  5:53  SCV, Marauder  
  68  5:58  Marine  
  68  6:01  SCV  
  70  6:08  SCV, Marine  
  72  6:12  Starport Reactor  
  72  6:13  SCV  
  72  6:14  Marauder  
  72  6:16  Marine  
  72  6:17  Terran Infantry Weapons Level 1  
  72  6:18  Supply Depot  
  76  6:21  Widow Mine  
  76  6:25  Supply Depot  
  78  6:26  SCV x2  
  78  6:32  Combat Shield  
  80  6:33  Marauder, Marine  
  80  6:35  Marauder, Marine  
  88  6:41  Supply Depot  
  88  6:46  Widow Mine  
  88  6:47  Widow Mine  
  91  6:49  Medivac  
  91  6:50  Medivac  
  91  6:51  Marine  
  91  6:53  Marine  
  96  6:54  Marine  
  96  6:59  Supply Depot, Marine  
  100  7:08  Command Center  
  98  7:09  Marine  
  98  7:11  Marine  
  98  7:12  Marine  
  101  7:16  Marine  
  101  7:19  Medivac  
  101  7:21  Medivac  
  103  7:26  Widow Mine x2  
  103  7:27  Marine  
  105  7:32  Concussive Shells  
  107  7:38  Supply Depot  
  107  7:39  Marauder, Marine x2  
  109  7:48  Marine  
  110  7:52  Barracks x2  
  110  7:57  Marauder  
  112  8:00  Marine  
  112  8:01  Marauder  
  112  8:04  SCV  
Show
View Real Time Build Order
Export as new Build Order

PiLiPiLi Protoss 

Build Orders: 1 Gate Expand, Blink Stalkers 

Get SALT Encoding   

  12  0:02  Probe  
  13  0:14  Probe  
  14  0:17  Pylon  
  14  0:26  Probe  
  15  0:36  Gateway  
  15  0:38  Probe (Chrono Boost)  
  16  0:47  Probe (Chrono Boost)  
  16  0:48  Assimilator  
  17  0:52  Probe (Chrono Boost)  
  18  1:04  Probe  
  19  1:17  Probe  
  20  1:23  Nexus  
  20  1:32  Cybernetics Core  
  20  1:36  Probe  
  21  1:42  Assimilator  
  21  1:48  Probe  
  21  1:50  Pylon  
  22  2:00  Probe  
  23  2:06  Stalker (Chrono Boost)  
  23  2:08  Warp Gate  
  23  2:12  Probe  
  26  2:24  Probe  
  26  2:29  Twilight Council  
  27  2:32  Stalker (Chrono Boost)  
  27  2:36  Probe  
  29  2:38  Probe  
  29  2:43  Shield Battery  
  30  2:49  Probe  
  31  2:53  Stalker (Chrono Boost)  
  33  2:59  Probe  
  33  3:01  Probe  
  35  3:07  Blink (Chrono Boost)  
  35  3:19  Probe  
  36  3:22  Probe  
  37  3:31  Probe  
  38  3:36  Stalker  
  38  3:37  Probe  
  41  3:43  Probe  
  38  4:01  Probe  
  33  4:14  Stalker  
  33  4:15  Probe  
  33  4:16  Probe  
  35  4:27  Nexus, Probe (Chrono Boost)  
  35  4:28  Probe (Chrono Boost)  
  35  4:30  Pylon  
  39  4:39  Probe x2 (Chrono Boost)  
  39  4:44  Probe x2 (Chrono Boost)  
  37  4:48  Stalker  
  40  4:53  Probe  
  40  4:54  Probe  
  40  4:59  Gateway  
  42  5:02  Robotics Facility  
  42  5:06  Probe (Chrono Boost)  
  44  5:08  Probe (Chrono Boost)  
  44  5:17  Stalker  
  44  5:18  Probe (Chrono Boost)  
  48  5:21  Probe (Chrono Boost)  
  48  5:23  Probe (Chrono Boost)  
  49  5:29  Probe  
  49  5:31  Assimilator  
  49  5:32  Charge, Probe  
  51  5:37  Gateway  
  51  5:38  Gateway  
  51  5:40  Sentry  
  51  5:41  Probe  
  51  5:42  Probe  
  55  5:45  Probe  
  56  5:52  Observer (Chrono Boost)  
  56  5:53  Probe  
  56  5:54  Zealot  
  56  5:55  Probe  
  61  5:57  Shield Battery  
  61  6:01  Gateway  
  61  6:03  Pylon  
  61  6:04  Probe  
  61  6:05  Observer (Chrono Boost)  
  60  6:16  Probe  
  60  6:17  Probe  
  61  6:20  Probe  
  61  6:25  Shield Battery, Observer  
  63  6:30  Probe  
  63  6:32  Stalker x2  
  66  6:39  Probe  
  68  6:41  Probe  
  68  6:42  Probe  
  68  6:46  Immortal (Chrono Boost)  
  70  6:51  Probe, Pylon  
  70  6:53  Probe  
  77  6:54  Probe  
  77  6:57  Templar Archives  
  77  7:00  Pylon  
  77  7:06  Pylon  
  77  7:09  Probe x2  
  77  7:12  Zealot x3  
  84  7:21  Probe x2  
  85  7:23  Observer  
  85  7:29  Immortal (Chrono Boost)  
  85  7:30  Probe  
  85  7:33  Probe  
  85  7:35  Zealot, High Templar  
  85  7:36  Zealot x3  
  101  7:39  Assimilator  
  101  7:43  Pylon  
  101  7:57  Probe x2  
  99  8:02  Zealot x4  
  97  8:10  Zealot  
Tags
 
Add a new tag
Caveats
  • Supply blocks, unpowered buildings, or Contaminate may cause inaccurate times.
  • Supply counts are checked every 10 seconds.